Map: Year Zero LE

Players

RetfirD

  • Race: Terran Terran
  • League: Silver
  • Spawn Location: 1:00

MightyOwl - Winner!

  • Race: Protoss Protoss
  • League: Silver
  • Spawn Location: 11:00

VOD

Have the link to the VOD?

Description

Time

  • Played on: May 10, 2019, 12:58 a.m.
  • Length: 12:18
Show
View Real Time Build Order
Export as new Build Order

RetfirD Terran 

Build Orders:  

Get SALT Encoding   

  12  0:01  SCV  
  13  0:13  SCV  
  14  0:19  Supply Depot  
  14  0:25  SCV  
  15  0:31  Refinery  
  15  0:40  SCV  
  16  0:48  Barracks  
  16  0:55  SCV  
  17  1:07  SCV  
  18  1:27  SCV  
  19  1:39  Supply Depot  
  19  1:41  Barracks  
  19  1:42  Marine  
  19  1:43  SCV  
  21  1:49  Factory  
  21  1:58  SCV  
  22  2:02  Marine  
  23  2:11  SCV  
  23  2:13  Engineering Bay  
  24  2:23  SCV  
  24  2:24  Marine  
  24  2:29  Marine  
  27  2:31  Supply Depot  
  27  2:36  Factory Tech Lab, SCV  
  28  2:44  Marine  
  28  2:48  SCV  
  28  2:51  Refinery  
  30  2:58  Missile Turret  
  30  3:04  Marine x2  
  32  3:13  Orbital Command  
  32  3:23  Starport  
  32  3:32  Supply Depot  
  32  3:39  Barracks Reactor  
  32  3:42  SCV  
  33  3:54  SCV  
  34  4:14  Raven  
  36  4:17  Command Center  
  36  4:18  Marine x2  
  38  4:31  Barracks Tech Lab  
  38  4:35  Marine  
  38  4:36  Marine  
  40  4:43  SCV  
  41  4:49  Missile Turret  
  41  4:53  Marauder, Marine  
  41  4:55  Marine, SCV  
  46  5:07  SCV  
  46  5:09  Supply Depot  
  47  5:28  Viking  
  47  5:29  Widow Mine  
  47  5:31  Marine x2  
  52  5:50  Marine x2  
  52  5:51  Marauder  
  52  5:52  Widow Mine  
  48  6:38  Orbital Command  
  48  6:39  SCV  
  49  6:43  Widow Mine, Marine x2  
  49  6:44  Marauder  
  49  6:46  Viking  
  57  6:49  Cloaking Field  
  57  6:51  SCV  
  58  7:01  Marine x2  
  59  7:03  SCV  
  59  7:04  Widow Mine  
  59  7:05  Marauder  
  59  7:07  SCV  
  66  7:16  SCV  
  66  7:18  Marine  
  66  7:19  Marine, SCV  
  70  7:34  Supply Depot x2  
  70  7:43  Refinery  
  70  7:44  Refinery  
  70  7:55  Marine x2, Viking  
  70  7:56  SCV x2  
  76  8:08  SCV x2  
  72  8:20  SCV x2  
  72  8:32  SCV  
  69  8:38  Liberator  
  70  8:57  Marine x2  
  70  8:58  Marauder  
  74  9:05  SCV x2  
  76  9:17  SCV  
  76  9:18  SCV  
  76  9:20  Missile Turret  
  78  9:27  Missile Turret  
  78  9:28  Terran Infantry Weapons Level 1  
  78  9:29  SCV  
  78  9:30  Stimpack, SCV  
  80  9:33  Hyperflight Rotors  
  80  9:37  Banshee  
  83  9:41  SCV  
  83  9:42  SCV  
  76  10:14  Marine x2  
  76  10:15  Marauder  
  76  10:20  Raven  
  79  10:32  Marine x2  
  81  10:36  Marauder  
  77  10:48  Widow Mine  
  77  10:49  Marine  
  63  10:50  Marine  
  57  10:58  Marauder  
  57  11:03  Viking  
  59  11:07  Marine x2  
  59  11:09  Widow Mine  
  63  11:19  Marauder  
  63  11:25  Marine x2  
  65  11:31  Widow Mine  
  67  11:33  Viking  
  67  11:40  Marauder  
  67  11:43  Marine x2  
Show
View Real Time Build Order
Export as new Build Order

MightyOwl Protoss - Winner!

Build Orders:  

Get SALT Encoding   

  1  0:00  Probe  
  12  0:05  Probe  
  14  0:18  Pylon  
  14  0:22  Probe  
  15  0:38  Gateway, Probe  
  16  0:50  Probe  
  16  0:51  Assimilator  
  17  1:02  Probe  
  18  1:05  Forge  
  18  1:14  Probe  
  19  1:26  Probe  
  19  1:32  Assimilator  
  20  1:38  Probe  
  21  1:46  Cybernetics Core  
  21  1:50  Probe  
  22  1:55  Pylon  
  22  1:58  Probe  
  23  2:09  Probe  
  24  2:20  Nexus  
  24  2:31  Stargate  
  24  2:49  Photon Cannon  
  24  2:50  Protoss Air Weapons Level 1  
  24  3:08  Protoss Shields Level 1  
  24  3:27  Nexus  
  24  3:35  Void Ray  
  24  3:37  Probe  
  24  3:39  Probe  
  30  3:51  Probe  
  30  3:53  Probe  
  32  4:01  Shield Battery  
  32  4:09  Probe  
  33  4:18  Fleet Beacon  
  33  4:27  Void Ray  
  37  4:33  Assimilator, Probe  
  37  4:35  Probe  
  38  4:43  Probe  
  38  4:44  Probe  
  41  4:53  Probe  
  41  4:55  Probe  
  41  4:58  Probe  
  44  5:05  Probe  
  45  5:08  Protoss Air Armor Level 1  
  45  5:14  Void Ray  
  49  5:24  Probe  
  49  5:27  Assimilator  
  49  5:28  Probe x2  
  52  5:32  Probe  
  52  5:35  Assimilator  
  52  5:38  Assimilator  
  52  5:40  Probe x2  
  52  5:42  Probe  
  56  5:50  Twilight Council  
  56  5:52  Probe x2  
  56  5:54  Probe  
  59  6:28  Probe  
  59  6:29  Probe  
  61  6:36  Pylon  
  61  6:39  Pylon  
  61  6:42  Pylon  
  61  6:48  Stargate  
  61  6:51  Probe  
  61  6:53  Void Ray  
  61  6:54  Probe x2  
  68  6:55  Protoss Shields Level 2  
  68  6:59  Probe  
  68  7:06  Probe x2  
  68  7:08  Probe  
  72  7:18  Probe  
  72  7:20  Probe  
  74  7:23  Mothership  
  82  7:32  Probe  
  83  7:42  Protoss Air Weapons Level 2  
  83  7:50  Probe  
  83  7:58  Probe  
  84  8:01  Stargate  
  85  8:08  Stargate  
  85  8:29  Void Ray  
  85  8:33  Void Ray  
  85  8:36  Probe  
  82  8:48  Probe  
  83  9:01  Probe  
  84  9:08  Cybernetics Core  
  84  9:12  Pylon  
  84  9:14  Pylon  
  84  9:16  Pylon  
  84  9:19  Pylon  
  84  9:29  Void Ray x2  
  92  9:32  Void Ray  
  92  9:38  Nexus  
  96  9:48  Void Ray  
  100  10:17  Void Ray x3  
  100  11:07  Void Ray  
  100  11:08  Void Ray x3  
  120  11:35  Probe  
  121  11:43  Probe  
  121  11:53  Probe  
  131  12:05  Probe  
Tags
 
Add a new tag
Caveats
  • Supply blocks, unpowered buildings, or Contaminate may cause inaccurate times.
  • Supply counts are checked every 10 seconds.